| TOP OF THE 1ST |
|
Richmond Flying Squirrels batting - Pitching for Wilmington Blue Rocks : RHP Joey Ferguson
|
|
Pitching: RHP Joey Ferguson
|
|
|
Batting: RHB Armando Ramirez
|
0-0: SINGLE (Line Drive, 8LS, EV 90.6 MPH)
|
|
Batting: LHB Gil Caraveo
|
0-0: Ball Armando Ramirez steals 2nd, throwing error, E2 Armando Ramirez to third 1-0: Called Strike 1-1: Foul Ball, location: 25F 1-2: Ground out U3 (Groundball, 3S, EV 77.5 MPH)
|
|
Batting: RHB Frank Pena
|
0-0: Called Strike 0-1: Swinging Strike 0-2: Ball 1-2: Ball 2-2: Ball 3-2: Foul Ball, location: 9LMF 3-2: Strikes out swinging
|
|
Batting: LHB Ho-win Zhou
|
0-0: Ball 1-0: Swinging Strike 1-1: SINGLE (Line Drive, 9S, EV 98.8 MPH) Armando Ramirez scores
|
|
Batting: LHB Sam Ogg
|
0-0: Ball 1-0: Ball 2-0: Swinging Strike 2-1: Ball 3-1: Called Strike 3-2: Strikes out swinging
|
| Top of the 1st over - 1 run, 2 hits, 1 error, 1 left on base; Richmond 1 - Wilmington 0 |
| BOTTOM OF THE 1ST |
|
Wilmington Blue Rocks batting - Pitching for Richmond Flying Squirrels : RHP Sergio Silva
|
|
Pitching: RHP Sergio Silva
|
|
|
Batting: SHB Arturo Baez
|
0-0: Ball 1-0: Swinging Strike 1-1: Ball 2-1: Swinging Strike 2-2: Ball 3-2: Ground out 6-3 (Groundball, 6, EV 106.9 MPH)
|
|
Batting: LHB Mike Bhatti
|
0-0: Ball 1-0: Ball 2-0: Ground out U3 (Groundball, 34, EV 86.9 MPH)
|
|
Batting: LHB Edgar Ortiz
|
0-0: Foul Ball, location: 7LSF 0-1: DOUBLE (Line Drive, 89M, EV 98.8 MPH)
|
|
Batting: LHB Shohei Nishi
|
0-0: Called Strike 0-1: Ball 1-1: Ground out 1-3 (Groundball, 34S, EV 70.0 MPH)
|
| Bottom of the 1st over - 0 runs, 1 hit, 0 errors, 1 left on base; Richmond 1 - Wilmington 0 |
| TOP OF THE 2ND |
|
Richmond Flying Squirrels batting - Pitching for Wilmington Blue Rocks : RHP Joey Ferguson
|
|
Batting: RHB Jonathan Davis
|
0-0: Swinging Strike 0-1: SINGLE (Line Drive, 56D, EV 95.0 MPH)
|
|
Batting: LHB Oscar Tamayo
|
0-0: Called Strike 0-1: Foul Ball, location: 2F 0-2: Ball 1-2: Foul Ball, location: 2F 1-2: Foul Ball, location: 2F 1-2: Foul Ball, location: 2RF 1-2: Ball 2-2: Strikes out looking
|
|
Batting: RHB Aaron Burress
|
0-0: Ball 1-0: Ball 2-0: Called Strike 2-1: Ball 3-1: Base on Balls Jonathan Davis to second
|
|
Batting: RHB Gary Sampson
|
0-0: Called Strike 0-1: Ball 1-1: Ball 2-1: SINGLE (Line Drive, 4D, EV 93.8 MPH) Jonathan Davis to third Aaron Burress to second
|
|
Batting: RHB Armando Ramirez
|
0-0: SINGLE (Groundball, 6MD, EV 105.6 MPH) Jonathan Davis scores Aaron Burress to third Gary Sampson to second Runner from 3rd tries for Home, SAFE, throw by CF to home
|
|
Batting: LHB Gil Caraveo
|
0-0: Foul Ball, location: 3F 0-1: Foul Ball, location: 5SF 0-2: Ball 1-2: Foul Ball, location: 3DF 1-2: Strikes out swinging
|
|
Batting: RHB Frank Pena
|
0-0: Ball 1-0: Ball 2-0: Ball 3-0: Called Strike 3-1: Base on Balls Gary Sampson to third Armando Ramirez to second
|
|
Batting: LHB Ho-win Zhou
|
0-0: Called Strike 0-1: SINGLE (Line Drive, 4MD, EV 98.1 MPH) Gary Sampson scores Armando Ramirez to third Frank Pena to second Runner from 3rd tries for Home, SAFE, throw by CF to home
|
|
Pitching: RHP Jerry Yusko
|
|
|
Batting: LHB Sam Ogg
|
0-0: Ball 1-0: Ball 2-0: Ball 3-0: Called Strike 3-1: Base on Balls Frank Pena to third Ho-win Zhou to second
|
|
Batting: RHB Jonathan Davis
|
0-0: Ball 1-0: Fly out, F7 (Flyball, 78S, EV 96.9 MPH)
|
| Top of the 2nd over - 4 runs, 4 hits, 0 errors, 3 left on base; Richmond 5 - Wilmington 0 |
| BOTTOM OF THE 2ND |
|
Wilmington Blue Rocks batting - Pitching for Richmond Flying Squirrels : RHP Sergio Silva
|
|
Batting: RHB Nate De Jongh
|
0-0: Ball 1-0: Ball 2-0: Called Strike 2-1: Foul Ball, location: 23FF 2-2: Foul Ball, location: 2F 2-2: Foul Ball, location: 9LSF 2-2: Foul Ball, location: 2F 2-2: Ball 3-2: Foul Ball, location: 5F 3-2: Fly out, F9 (Flyball, 9, EV 92.5 MPH)
|
|
Batting: LHB Danny Pacheco
|
0-0: Ball 1-0: Called Strike 1-1: Foul Ball, location: 7LSF 1-2: Ground out 1-3 (Groundball, 13S, EV 73.1 MPH)
|
|
Batting: LHB Efrem Isaev
|
0-0: Ball 1-0: Ball 2-0: Fly out, F8 (Flyball, 8LD, EV 110.0 MPH)
|
| Bottom of the 2nd over - 0 runs, 0 hits, 0 errors, 0 left on base; Richmond 5 - Wilmington 0 |
| TOP OF THE 3RD |
|
Richmond Flying Squirrels batting - Pitching for Wilmington Blue Rocks : RHP Jerry Yusko
|
|
Batting: LHB Oscar Tamayo
|
0-0: Called Strike 0-1: Swinging Strike 0-2: Ball 1-2: Strikes out swinging
|
|
Batting: RHB Aaron Burress
|
0-0: SINGLE (Groundball, 34D, EV 105.0 MPH)
|
|
Batting: RHB Gary Sampson
|
0-0: Ball 1-0: Ball 2-0: Called Strike 2-1: Called Strike 2-2: Foul Ball, location: 25FF 2-2: Ball 3-2: Strikes out looking
|
|
Batting: RHB Armando Ramirez
|
0-0: Called Strike 0-1: Fielders Choice at 2nd, 5-4 (Groundball, 56, EV 82.5 MPH)
|
| Top of the 3rd over - 0 runs, 1 hit, 0 errors, 1 left on base; Richmond 5 - Wilmington 0 |
| BOTTOM OF THE 3RD |
|
Wilmington Blue Rocks batting - Pitching for Richmond Flying Squirrels : RHP Sergio Silva
|
|
Batting: SHB Glenn Harrison
|
0-0: SINGLE (Groundball, 4MD, EV 100.6 MPH)
|
|
Batting: RHB David Rubio
|
0-0: Ball 1-0: Called Strike 1-1: Ball 2-1: Ball 3-1: Foul Ball, location: 25F 3-2: Foul Ball, location: 2F 3-2: Strikes out swinging
|
|
Pitching: RHP Dan Giles
|
|
|
Batting: SHB Arturo Baez
|
0-0: Called Strike 0-1: Swinging Strike 0-2: Ball 1-2: Fielders Choice at 2nd, 6-4 (Groundball, 56, EV 79.4 MPH)
|
|
Batting: LHB Mike Bhatti
|
0-0: Ball Arturo Baez is caught stealing 2nd base 2-6
|
| Bottom of the 3rd over - 0 runs, 1 hit, 0 errors, 0 left on base; Richmond 5 - Wilmington 0 |
| TOP OF THE 4TH |
|
Richmond Flying Squirrels batting - Pitching for Wilmington Blue Rocks : RHP Jerry Yusko
|
|
Batting: LHB Gil Caraveo
|
0-0: Ball 1-0: Swinging Strike 1-1: Ball 2-1: DOUBLE (Line Drive, 7LS, EV 105.6 MPH)
|
|
Batting: RHB Frank Pena
|
0-0: Foul Ball, location: 3F 0-1: Called Strike 0-2: Ground out 6-3 (Groundball, P, EV 88.8 MPH) Gil Caraveo to third
|
|
Batting: LHB Ho-win Zhou
|
0-0: Ball 1-0: Foul Ball, location: 9LSFF 1-1: Foul Ball, location: 25F 1-2: Ball 2-2: Foul Ball, location: 25F 2-2: Ball 3-2: Base on Balls
|
|
Batting: LHB Sam Ogg
|
0-0: Ball 1-0: Foul Ball, location: 3DF 1-1: Ball 2-1: Called Strike 2-2: Foul Ball, location: 25F 2-2: Strikes out looking
|
|
Batting: RHB Jonathan Davis
|
0-0: Called Strike 0-1: Swinging Strike 0-2: Ball 1-2: Ball 2-2: Ball Wild Pitch! Gil Caraveo scores Ho-win Zhou to second 3-2: Base on Balls
|
|
Batting: LHB Oscar Tamayo
|
0-0: Ball 1-0: Called Strike 1-1: Foul Ball, location: 7LSF 1-2: Foul Ball, location: 2F 1-2: Ball 2-2: Ball 3-2: Foul Ball, location: 5F 3-2: Hit by Pitch Ho-win Zhou to third Jonathan Davis to second
|
|
Batting: RHB Aaron Burress
|
0-0: Ball 1-0: SINGLE (Line Drive, 4M, EV 96.9 MPH) Ho-win Zhou scores Jonathan Davis to third Oscar Tamayo to second Runner from 3rd tries for Home, SAFE, throw by CF to home
|
|
Batting: RHB Gary Sampson
|
0-0: Ball 1-0: Ball 2-0: Ball 3-0: Base on Balls Oscar Tamayo to third Aaron Burress to second
|
|
Batting: RHB Armando Ramirez
|
0-0: Fielders Choice at 2nd, 6-4 (Groundball, 6, EV 80.6 MPH)
|
| Top of the 4th over - 3 runs, 2 hits, 0 errors, 3 left on base; Richmond 8 - Wilmington 0 |
| BOTTOM OF THE 4TH |
|
Wilmington Blue Rocks batting - Pitching for Richmond Flying Squirrels : RHP Dan Giles
|
|
Batting: LHB Mike Bhatti
|
0-0: Called Strike 0-1: Foul Ball, location: 3DF 0-2: Ball 1-2: SINGLE (Groundball, 4, EV 85.0 MPH)
|
|
Batting: LHB Edgar Ortiz
|
0-0: Ball 1-0: Ball 2-0: Called Strike 2-1: Ball 3-1: Foul Ball, location: 3DF 3-2: Fielders Choice at 2nd, 5-4 (Groundball, 56, EV 84.4 MPH)
|
|
Batting: LHB Shohei Nishi
|
0-0: Fielders Choice at 2nd, 5-4 (Groundball, 6, EV 87.5 MPH)
|
|
Batting: RHB Nate De Jongh
|
0-0: Ball 1-0: Called Strike 1-1: Called Strike 1-2: Foul Ball, location: 7LDF 1-2: Strikes out swinging
|
| Bottom of the 4th over - 0 runs, 1 hit, 0 errors, 1 left on base; Richmond 8 - Wilmington 0 |
| TOP OF THE 5TH |
|
Richmond Flying Squirrels batting - Pitching for Wilmington Blue Rocks : RHP Jerry Yusko
|
|
Batting: LHB Gil Caraveo
|
0-0: Ball 1-0: Ball 2-0: Ball 3-0: Called Strike 3-1: Base on Balls
|
|
Pitching: RHP Mike Galvin
|
|
|
Batting: RHB Frank Pena
|
0-0: Ball 1-0: Foul Ball, location: 3F 1-1: Foul Ball, location: 9LSF 1-2: Ground out 5-3 (Groundball, 56S, EV 61.9 MPH) Gil Caraveo to second
|
|
Batting: LHB Ho-win Zhou
|
0-0: Ground out U3 (Groundball, 3, EV 86.9 MPH) Gil Caraveo to third
|
|
Batting: LHB Sam Ogg
|
0-0: Called Strike 0-1: Ball 1-1: Ball 2-1: Ground out 4-3 (Groundball, 34, EV 68.1 MPH)
|
| Top of the 5th over - 0 runs, 0 hits, 0 errors, 1 left on base; Richmond 8 - Wilmington 0 |
| BOTTOM OF THE 5TH |
|
Wilmington Blue Rocks batting - Pitching for Richmond Flying Squirrels : RHP Dan Giles
|
|
Batting: LHB Danny Pacheco
|
0-0: Ball 1-0: Swinging Strike 1-1: Foul Ball, location: 2F 1-2: Ball 2-2: Ball 3-2: Foul Ball, location: 7LMF 3-2: Base on Balls
|
|
Batting: LHB Efrem Isaev
|
0-0: Called Strike 0-1: Fielders Choice at 2nd, 3-6 (Groundball, 3, EV 87.5 MPH)
|
|
Batting: SHB Glenn Harrison
|
0-0: Called Strike Efrem Isaev is caught stealing 2nd base 2-6 0-1: Foul Ball, location: 2F 0-2: Ball 1-2: Ball 2-2: Strikes out swinging
|
| Bottom of the 5th over - 0 runs, 0 hits, 0 errors, 0 left on base; Richmond 8 - Wilmington 0 |
| TOP OF THE 6TH |
|
Richmond Flying Squirrels batting - Pitching for Wilmington Blue Rocks : RHP Mike Galvin
|
|
Batting: RHB Jonathan Davis
|
0-0: Foul Ball, location: 2F 0-1: Swinging Strike 0-2: Strikes out swinging
|
|
Batting: LHB Oscar Tamayo
|
0-0: Ball 1-0: Foul Ball, location: 25F 1-1: Ball 2-1: Ground out U3 (Groundball, 3, EV 100.0 MPH)
|
|
Batting: RHB Aaron Burress
|
0-0: Ball 1-0: Foul Ball, location: 7LSF 1-1: Ground out 5-3 (Groundball, 5S, EV 67.5 MPH)
|
| Top of the 6th over - 0 runs, 0 hits, 0 errors, 0 left on base; Richmond 8 - Wilmington 0 |
| BOTTOM OF THE 6TH |
|
Wilmington Blue Rocks batting - Pitching for Richmond Flying Squirrels : RHP Dan Giles
|
|
Batting: RHB David Rubio
|
0-0: Ground out 6-3 (Groundball, 6, EV 83.8 MPH)
|
|
Batting: SHB Arturo Baez
|
0-0: Called Strike 0-1: Swinging Strike 0-2: Ball 1-2: Ball 2-2: Ground out U3 (Groundball, 3, EV 79.4 MPH)
|
|
Batting: LHB Mike Bhatti
|
0-0: Foul Ball, location: 2F 0-1: Ground out U3 (Groundball, 3S, EV 93.1 MPH)
|
| Bottom of the 6th over - 0 runs, 0 hits, 0 errors, 0 left on base; Richmond 8 - Wilmington 0 |
| TOP OF THE 7TH |
|
Richmond Flying Squirrels batting - Pitching for Wilmington Blue Rocks : RHP Mike Galvin
|
|
Batting: RHB Gary Sampson
|
0-0: Swinging Strike 0-1: Fly out, F1 (Line Drive, P, EV 85.6 MPH)
|
|
Pinch Hitting: SHB Jerry Massey
|
0-0: Foul Ball, location: 2F 0-1: Fly out, F7 (Line Drive, 7, EV 88.8 MPH)
|
|
Pinch Hitting: RHB Ian Richardson
|
0-0: Ball 1-0: Swinging Strike 1-1: Ball 2-1: Called Strike 2-2: Ball 3-2: Strikes out looking
|
| Top of the 7th over - 0 runs, 0 hits, 0 errors, 0 left on base; Richmond 8 - Wilmington 0 |
| BOTTOM OF THE 7TH |
|
Wilmington Blue Rocks batting - Pitching for Richmond Flying Squirrels : RHP Dan Giles
|
|
Now at 3B: Jerry Massey
|
|
|
Now in CF: Ian Richardson
|
|
|
Pinch Hitting: LHB Joe Cozart
|
0-0: Called Strike 0-1: Foul Ball, location: 3FF 0-2: Foul Ball, location: 9LMF 0-2: Foul Ball, location: 2F 0-2: Ball 1-2: Ground out 4-3 (Groundball, 4, EV 88.8 MPH)
|
|
Pinch Hitting: RHB Shura Mogilny
|
0-0: Called Strike 0-1: Ground out U3 (Groundball, 3, EV 84.4 MPH)
|
|
Batting: RHB Nate De Jongh
|
0-0: Called Strike 0-1: Ball 1-1: Swinging Strike 1-2: Foul Ball, location: 23FF 1-2: Foul Ball, location: 3FF 1-2: Foul Ball, location: 9LSF 1-2: Ball 2-2: Ball 3-2: Foul Ball, location: 23FF 3-2: Ground out 5-3 (Groundball, 56, EV 80.0 MPH)
|
| Bottom of the 7th over - 0 runs, 0 hits, 0 errors, 0 left on base; Richmond 8 - Wilmington 0 |
| TOP OF THE 8TH |
|
Richmond Flying Squirrels batting - Pitching for Wilmington Blue Rocks : RHP Mike Galvin
|
|
Now at 1B: Ian Hornsby
|
|
|
Now in RF: Shura Mogilny
|
|
|
Batting: RHB Frank Pena
|
0-0: Called Strike 0-1: Ball 1-1: Ball 2-1: Ball 3-1: Foul Ball, location: 2F 3-2: Ground out 5-3 (Groundball, 5L, EV 105.0 MPH)
|
|
Batting: LHB Ho-win Zhou
|
0-0: Called Strike 0-1: Called Strike 0-2: Fly out, F9 (Flyball, 89M, EV 92.5 MPH)
|
|
Pinch Hitting: RHB Leon Alders
|
0-0: Foul Ball, location: 2F 0-1: Swinging Strike 0-2: Ball 1-2: Ball 2-2: Foul Ball, location: 23FF 2-2: SINGLE (Groundball, 34D, EV 108.1 MPH)
|
|
Batting: RHB Jonathan Davis
|
0-0: Ball 1-0: Called Strike Leon Alders steals 2nd base (no throw) 1-1: Ball 2-1: Ball 3-1: Base on Balls
|
|
Batting: LHB Oscar Tamayo
|
0-0: Ball 1-0: Ball 2-0: Ball 3-0: Swinging Strike 3-1: Called Strike 3-2: Strikes out looking
|
| Top of the 8th over - 0 runs, 1 hit, 0 errors, 2 left on base; Richmond 8 - Wilmington 0 |
| BOTTOM OF THE 8TH |
|
Wilmington Blue Rocks batting - Pitching for Richmond Flying Squirrels : RHP Dan Giles
|
|
Now at 1B: Jordan Wallace
|
|
|
Batting: LHB Danny Pacheco
|
0-0: Foul Ball, location: 23F 0-1: Ball 1-1: Ball 2-1: Called Strike 2-2: Foul Ball, location: 2F 2-2: Fly out, F7 (Flyball, 7S, EV 92.5 MPH)
|
|
Batting: LHB Efrem Isaev
|
0-0: Ball 1-0: Ball 2-0: Ball 3-0: Base on Balls
|
|
Pitching: RHP Ted Splawn
|
|
|
Batting: SHB Glenn Harrison
|
0-0: Ball 1-0: Ground out 4-3 (Groundball, 4MS, EV 66.3 MPH) Efrem Isaev to second
|
|
Batting: RHB David Rubio
|
0-0: Ball 1-0: Called Strike 1-1: Ground out 5-3 (Groundball, 56S, EV 70.0 MPH)
|
| Bottom of the 8th over - 0 runs, 0 hits, 0 errors, 1 left on base; Richmond 8 - Wilmington 0 |
| TOP OF THE 9TH |
|
Richmond Flying Squirrels batting - Pitching for Wilmington Blue Rocks : RHP Mike Galvin
|
|
Pinch Hitting: RHB Justin Baldwin
|
0-0: Ball 1-0: Ball 2-0: Swinging Strike 2-1: Ball 3-1: Foul Ball, location: 9LDF 3-2: DOUBLE (Groundball, 5L, EV 103.1 MPH)
|
|
Pitching: RHP Omar Flores
|
|
|
Pinch Hitting: SHB Ben Myers
|
0-0: 2-RUN HOME RUN (Flyball, 7LD, EV 89.4 MPH), Distance : 343 ft
|
|
Batting: SHB Jerry Massey
|
0-0: Ball 1-0: Ball 2-0: Ball 3-0: Base on Balls
|
|
Batting: RHB Ian Richardson
|
0-0: Ball 1-0: Fly out, F9 (Line Drive, 89D, EV 92.5 MPH)
|
|
Pinch Hitting: LHB Bruce Arvizu
|
0-0: Foul Ball, location: 7LSF 0-1: Called Strike 0-2: Ball 1-2: Strikes out looking
|
|
Batting: LHB Ho-win Zhou
|
0-0: Ball 1-0: Fly out, F8 (Flyball, 8LD, EV 110.0 MPH)
|
| Top of the 9th over - 2 runs, 2 hits, 0 errors, 1 left on base; Richmond 10 - Wilmington 0 |
| BOTTOM OF THE 9TH |
|
Wilmington Blue Rocks batting - Pitching for Richmond Flying Squirrels : RHP Ted Splawn
|
|
Now at C: Justin Baldwin
|
|
|
Now at 2B: Nate Burkhalter
|
|
|
Now in LF: Bruce Arvizu
|
|
|
Batting: SHB Arturo Baez
|
0-0: Ball 1-0: SINGLE (Line Drive, 34, EV 94.4 MPH)
|
|
Batting: LHB Mike Bhatti
|
0-0: Called Strike 0-1: DOUBLE (Flyball, 8RXD, EV 106.9 MPH) Arturo Baez to third
|
|
Pinch Hitting: LHB Danny Zuniga
|
0-0: Ball 1-0: Ground out 4-3 (Groundball, 4, EV 106.9 MPH) Arturo Baez scores Mike Bhatti to third
|
|
Pinch Hitting: RHB Chang-keun Baik
|
0-0: Foul Ball, location: 2F 0-1: Ball 1-1: Fly out, F9 (Flyball, 9D, EV 100.0 MPH) Runner from 3rd tags up, SCORES, no throw by RF
|
|
Batting: RHB Nate De Jongh
|
0-0: Fly out, F8 (Flyball, 8LD, EV 102.5 MPH)
|
| Bottom of the 9th over - 2 runs, 2 hits, 0 errors, 0 left on base; Richmond 10 - Wilmington 2 |
|